 Dungeon Crawl Stone Soup version 0.29.0-4-gdea44cf6ec (webtiles) character file.

Game seed: 12261245708834569563

6612 qw the Cleaver (level 10, 0/81 HPs)
             Began as a Demonspawn Cinder Acolyte on Sept 9, 2022.
             Was an Initiate of Ignis.
             Succumbed to a cane toad's poison
             ... on level 1 of the Lair of Beasts.
             The game lasted 00:03:22 (10442 turns).

qw the Cleaver (Demonspawn Cinder Acolyte)         Turns: 10442, Time: 00:03:22

Health: 0/81       AC: 14    Str: 24    XL:     10   Next: 71%
Magic:  11/11      EV: 11    Int: 16    God:    Ignis [......]
Gold:   546        SH:  8    Dex:  9    Spells: 11/11 levels left

rFire   + . .      SeeInvis +   Y - +1 hand axe (venom)
rCold   . . .      Faith    .   j - +0 buckler
rNeg    . . .      Spirit   .   q - +0 plate armour
rPois   .          Reflect  .   n - +0 hat {SInv}
rElec   .          Harm     .   m - scarf {repulsion}
rCorr   .          Rampage  .   (no gloves)
Will    .....                   k - +0 pair of boots
Stlth   ..........              (no amulet)
HPRegen 0.23/turn               h - +4 ring of evasion
MPRegen 0.12/turn               c - +6 ring of strength

@: lethally poisoned (0 -> -3), repel missiles
A: antennae 2, rugged brown scales 1, powered by death 1, condensation shield
a: Renounce Religion, Rising Flame


You were on level 1 of the Lair of Beasts.
You worshipped Ignis.
Ignis was noncommittal.
You visited 3 branches of the dungeon, and saw 11 of its levels.

You collected 546 gold pieces.


Innate Abilities, Weirdness & Mutations

You have a pair of antennae on your head.
You are partially covered in rugged brown scales. (AC +1, +3% HP)
You regenerate a little health from kills.
A meltable shield of frost defends you. (SH +4)


   Skills:
 - Level 7.0 Fighting
 - Level 11.8 Axes
 - Level 4.1 Throwing
 + Level 4.7 Armour
 - Level 2.3 Dodging
 - Level 3.0 Shields
 - Level 1.0 Spellcasting
 - Level 2.6 Fire Magic


You had 11 spell levels left.
You didn't know any spells.
Your spell library contained the following spells:

 Spells                   Type           Power      Damage    Failure   Level
 Scorch                   Fire           18%        2d6       94%         2

Inventory:

Hand Weapons
 f - a +0 morningstar
 Y - a +1 hand axe of venom (weapon)
Missiles
 d - 14 boomerangs (quivered)
Armour
 j - a +0 buckler (worn)
 k - a +0 pair of boots (worn)
 m - a scarf of repulsion (worn)
 n - a +0 hat of see invisible (worn)
 q - a +0 plate armour (worn)
Jewellery
 c - a +6 ring of strength (right hand)
 e - a ring of protection from fire
 h - a +4 ring of evasion (left hand)
Scrolls
 a - 2 scrolls of identify
 i - a scroll of teleportation
Potions
 b - 2 potions of resistance
 l - a potion of mutation

Dungeon Overview and Level Annotations

Branches:
Dungeon (9/15)             Temple (1/1) D:6            Lair (1/5) D:9
    Orc: D:9-12

Altars:
Ashenzari
Cheibriados
Dithmenos
Fedhas
Gozag
Kikubaaqudgha
Makhleb
Nemelex Xobeh
Qazlal
Ru
Sif Muna
Trog
Uskayaw
Vehumet
Wu Jian
Xom
Yredelemnul

Shops:
D:8 [

Annotations:
D:8 2 runed translucent doors


Message History

You feel sick.
You are no longer poisoned.
The cane toad stings you!
You are lethally poisoned!
The cane toad poisons you!
You hit the cane toad but do no damage.
The cane toad looks as sick as possible!
The cane toad is severely wounded.
You feel very sick. The cane toad barely misses you.
10434 ||| READING 2 scrolls of teleportation.
As you read the scroll of teleportation, it crumbles to dust.
You feel strangely unstable.
You feel very sick. The cane toad completely misses you.
You barely miss the cane toad.
The cane toad is severely wounded.
You feel very sick. You block the cane toad's attack.
You hit the cane toad.
The cane toad looks as sick as possible!
The cane toad is almost dead.
You feel sick.
You barely miss the cane toad.
The cane toad is almost dead.
Your surroundings suddenly seem different.
Found 13 gold pieces and a steel ring.
You feel very sick.
You feel a bit more experienced.
Enter note:
There is a lethal amount of poison in your body!
You feel sick.
There is a lethal amount of poison in your body!
You feel sick.
There is a lethal amount of poison in your body!
You feel sick.
There is a lethal amount of poison in your body!
You feel sick.
There is a lethal amount of poison in your body!
You die...

... #..# ..
#..# .##..#
#####.#..# #
.........####P#
...............
............=..
.......@.......
............$..
...........##.P
###.##.....+ ..
##....# ..
#..... .
#....#.
.....#..


There were no monsters in sight!

Vanquished Creatures
  Gastronok (D:9)
  A two-headed ogre (D:9)
  2 cane toads (Lair:1)
  A komodo dragon (D:8)
  Sigmund (D:5)
  6 yaks (D:8)
  2 steam dragons (D:5)
  A black bear (D:7)
  An orc warrior (D:7)
  3 ice beasts
  3 ogres
  4 centaurs
  A gnoll sergeant (D:6)
  4 bullfrogs
  2 scorpions (D:5)
  A water moccasin zombie (D:7)
  A wyvern zombie (D:7)
  3 killer bees (D:8)
  2 howler monkeys (D:8)
  A centaur zombie (D:7)
  7 hounds
  3 gnoll boudas
  A bullfrog zombie (D:7)
  5 jellies
  2 orc priests (D:8)
  Ijyb (D:5)
  2 iguanas
  3 orc wizards
  4 killer bee zombies (D:7)
  16 gnolls
  5 adders
  A white imp (D:8)
  An ufetubus (D:7)
  4 dart slugs
  22 orcs
  7 ball pythons
  5 bats (D:2)
  5 endoplasms
  6 giant cockroaches
  7 goblins
  4 hobgoblins
  4 kobolds
  5 quokkas
  4 frilled lizards
  2 rats (D:2)
167 creatures vanquished.

Vanquished Creatures (others)
  An orc (D:6)
  8 fungi
  60 plants
69 creatures vanquished.

Grand Total: 236 creatures vanquished

Notes
Turn   | Place    | Note
-------+----------+-------------------------------------------
     0 | D:1      | qw the Demonspawn Cinder Acolyte began the quest for the
                  | Orb.
     0 | D:1      | Reached XP level 1. HP: 18/18 MP: 2/2
     0 | D:1      | 0 ||| qw: Version: 0.1-a-113-g051387a
     0 | D:1      | 0 ||| qw: Game counter: 7101
     0 | D:1      | 0 ||| qw: Always use a shield: true
     0 | D:1      | 0 ||| qw: God list: Okawaru
     0 | D:1      | 0 ||| qw: Allow faded altars: false
     0 | D:1      | 0 ||| qw: Do Orc after D:15 true
     0 | D:1      | 0 ||| qw: Do second Lair branch before Depths: true
     0 | D:1      | 0 ||| qw: Lair rune preference: random
     0 | D:1      | 0 ||| qw: Plans: Normal
     0 | D:1      | 0 ||| PLANNING D:1-11
   348 | D:1      | Reached skill level 3 in Axes
   674 | D:1      | Gained mutation: You have a pair of small antennae on your
                  | head. [demonic ancestry]
   674 | D:1      | Reached XP level 2. HP: 24/24 MP: 3/3
  1123 | D:1      | 1123 ||| READING 2 scrolls labelled JEYTYTZOTU.
  1124 | D:1      | 1124 ||| READING 3 scrolls labelled ZUJOCORUVE.
  1125 | D:1      | 1125 ||| READING scroll labelled SIOM XAACKERCH.
  1126 | D:1      | 1126 ||| READING scroll labelled EMNOXTEROU.
  1127 | D:1      | 1127 ||| READING 3 scrolls labelled DYNKUKL BETZA.
  1132 | D:1      | 1132 ||| DRINKING 2 brown potions.
  1133 | D:1      | 1133 ||| DROPPING 2 scrolls of poison.
  1134 | D:1      | 1134 ||| DROPPING potion of attraction.
  1167 | D:2      | You fall into a shaft and drop 1 floor!
  1203 | D:2      | 1203 ||| Stepping ~*~*~tactically~*~*~ (stealth).
  1205 | D:2      | 1205 ||| Stepping ~*~*~tactically~*~*~ (stealth).
  1207 | D:2      | 1207 ||| Stepping ~*~*~tactically~*~*~ (stealth).
  1211 | D:2      | 1211 ||| Stepping ~*~*~tactically~*~*~ (stealth).
  1212 | D:2      | 1212 ||| Stepping ~*~*~tactically~*~*~ (hiding).
  1236 | D:2      | 1236 ||| Stepping ~*~*~tactically~*~*~ (hiding).
  1350 | D:2      | Reached XP level 3. HP: 29/29 MP: 4/4
  1472 | D:2      | 1472 ||| FLEEEEING.
  1560 | D:2      | Reached skill level 4 in Axes
  2246 | D:2      | 2246 ||| UPGRADING to +4 ring of evasion.
  2247 | D:2      | 2247 ||| READING scroll labelled HYATAIPRIMN.
  2272 | D:2      | 2272 ||| READING scroll labelled LELLAO ROTAWKA.
  2407 | D:2      | 2407 ||| DRINKING 2 cyan potions.
  2408 | D:2      | 2408 ||| READING 2 scrolls of identify.
  2408 | D:2      | 2408 ||| IDENTIFYING fizzy grey potion
  2409 | D:2      | 2409 ||| DROPPING potion of brilliance.
  2410 | D:2      | 2410 ||| DROPPING potion of berserk rage.
  2439 | D:3      | Reached skill level 1 in Dodging
  2453 | D:3      | 2453 ||| FLEEEEING.
  2456 | D:3      | 2456 ||| STAIRDANCE
  2535 | D:3      | 2535 ||| DROPPING +0 club.
  2634 | D:3      | 2634 ||| Stepping ~*~*~tactically~*~*~ (stealth).
  2676 | D:3      | 2676 ||| Stepping ~*~*~tactically~*~*~ (stealth).
  2689 | D:3      | 2689 ||| Stepping ~*~*~tactically~*~*~ (stealth).
  3017 | D:3      | 3017 ||| Stepping ~*~*~tactically~*~*~ (stealth).
  3024 | D:3      | Found a blossoming altar of Fedhas.
  3161 | D:3      | 3161 ||| READING scroll of brand weapon.
  3161 | D:3      | 3161 ||| BRANDING -1 hand axe of freezing.
  3216 | D:3      | Reached XP level 4. HP: 21/35 MP: 5/5
  3524 | D:3      | 3524 ||| UPGRADING to +0 leather armour.
  3534 | D:3      | 3534 ||| DROPPING +0 robe.
  3535 | D:3      | 3535 ||| UPGRADING to +0 scale mail.
  3545 | D:3      | 3545 ||| DROPPING +0 leather armour.
  3546 | D:3      | 3546 ||| UPGRADING to +0 plate armour.
  3556 | D:3      | 3556 ||| DROPPING +0 scale mail.
  3557 | D:3      | 3557 ||| DROPPING +6 ring of intelligence.
  3558 | D:3      | 3558 ||| UPGRADING to ring of protection from fire.
  3559 | D:3      | 3559 ||| READING scroll labelled YDYSEOSIURR.
  3560 | D:3      | 3560 ||| READING scroll labelled WAGOTUM WUCS.
  3661 | D:3      | 3661 ||| READING scroll labelled LEPUAT MORUM.
  3662 | D:3      | 3662 ||| DRINKING 2 pink potions.
  3663 | D:3      | 3663 ||| READING 2 scrolls of identify.
  3663 | D:3      | 3663 ||| IDENTIFYING bubbling pink potion
  3664 | D:3      | 3664 ||| DROPPING potion of degeneration.
  3665 | D:3      | 3665 ||| DROPPING potion of flight.
  3789 | D:4      | Found an opulent altar of Gozag.
  3949 | D:4      | Reached skill level 1 in Armour
  4049 | D:4      | 4049 ||| DROPPING +1 whip of freezing.
  4103 | D:4      | Noticed an ogre
  4110 | D:4      | Killed an ogre
  4111 | D:4      | Reached skill level 5 in Axes
  4111 | D:4      | Gained mutation: A meltable shield of frost defends you.
                  | (SH +4) [demonic ancestry]
  4111 | D:4      | Reached XP level 5. HP: 33/41 MP: 6/6
  4187 | D:4      | 4187 ||| Stepping ~*~*~tactically~*~*~ (hiding).
  4380 | D:4      | Found a hide-covered altar of Uskayaw.
  4535 | D:4      | 4535 ||| READING 2 scrolls labelled VOMOED YGUVOAL.
  4536 | D:4      | 4536 ||| READING scroll labelled TUCUOSCH EXZIR.
  4537 | D:4      | 4537 ||| READING scroll labelled YJUGIT YJIPT.
  4538 | D:4      | 4538 ||| DRINKING 2 bubbling blue potions.
  4539 | D:4      | 4539 ||| DROPPING scroll of vulnerability.
  4555 | D:5      | Entered Level 5 of the Dungeon
  4579 | D:5      | Gained mutation: You are partially covered in rugged brown
                  | scales. (AC +1, +3% HP) [demonic ancestry]
  4579 | D:5      | Reached XP level 6. HP: 32/48 MP: 7/7
  4723 | D:5      | 4723 ||| Stepping ~*~*~tactically~*~*~ (hiding).
  4783 | D:5      | Noticed an ice beast
  4798 | D:5      | 4798 ||| INVOKING Fiery Armour.
  4803 | D:5      | Killed an ice beast
  4804 | D:5      | Reached skill level 6 in Axes
  4810 | D:5      | Gained mutation: You regenerate a little health from kills.
                  | [demonic ancestry]
  4810 | D:5      | Reached XP level 7. HP: 50/54 MP: 8/8
  4842 | D:5      | 4842 ||| READING scroll of enchant weapon.
  4842 | D:5      | 4842 ||| ENCHANTING +0 hand axe of venom.
  4937 | D:5      | Noticed a steam dragon
  4939 | D:5      | Noticed a steam dragon
  4940 | D:5      | 4940 ||| INVOKING Fiery Armour.
  4949 | D:5      | Killed a steam dragon
  4950 | D:5      | Reached skill level 7 in Axes
  4951 | D:5      | Killed a steam dragon
  4952 | D:5      | Reached skill level 3 in Armour
  5208 | D:5      | Noticed Sigmund
  5210 | D:5      | Noticed Ijyb
  5211 | D:5      | 5211 ||| INVOKING Fiery Armour.
  5221 | D:5      | Killed Ijyb
  5222 | D:5      | Killed Sigmund
  5223 | D:5      | Gained mutation: You have a pair of antennae on your head.
                  | [demonic ancestry]
  5223 | D:5      | Reached XP level 8. HP: 46/61 MP: 9/9
  5325 | D:5      | 5325 ||| UPGRADING to +6 ring of strength.
  5327 | D:5      | 5327 ||| DROPPING ring of ice.
  5328 | D:5      | 5328 ||| READING 2 scrolls of identify.
  5328 | D:5      | 5328 ||| IDENTIFYING orange potion
  5369 | D:6      | Found a staircase to the Ecumenical Temple.
  5370 | D:6      | 5370 ||| STAIRDANCE
  5474 | D:6      | 5474 ||| INVOKING Fiery Armour.
  5475 | D:6      | 5475 ||| STAIRDANCE
  5480 | D:5      | Reached skill level 1 in Throwing
  5517 | D:6      | 5517 ||| STAIRDANCE
  5522 | D:6      | 5522 ||| STAIRDANCE
  5530 | D:6      | 5530 ||| STAIRDANCE
  5537 | D:5      | Reached skill level 8 in Axes
  5542 | D:6      | 5542 ||| STAIRDANCE
  5557 | D:6      | 5557 ||| STAIRDANCE
  5636 | D:6      | 5636 ||| STAIRDANCE
  5645 | D:6      | 5645 ||| STAIRDANCE
  5749 | D:6      | 5749 ||| STAIRDANCE
  5755 | D:6      | 5755 ||| STAIRDANCE
  5838 | D:6      | 5838 ||| STAIRDANCE
  5888 | D:6      | 5888 ||| INVOKING Fiery Armour.
  5966 | D:6      | 5966 ||| Stepping ~*~*~tactically~*~*~ (stealth).
  6169 | D:6      | 6169 ||| Stepping ~*~*~tactically~*~*~ (stealth).
  6262 | D:6      | 6262 ||| Stepping ~*~*~tactically~*~*~ (hiding).
  6413 | D:6      | Reached skill level 9 in Axes
  6522 | D:6      | 6522 ||| UPGRADING to +0 buckler.
  6527 | D:6      | 6527 ||| READING scroll labelled YJATHY QUZXOA.
  6528 | D:6      | 6528 ||| READING 3 scrolls of identify.
  6528 | D:6      | 6528 ||| IDENTIFYING ruby potion
  6529 | D:6      | 6529 ||| DROPPING potion of lignification.
  6578 | D:7      | 6578 ||| Stepping ~*~*~tactically~*~*~ (stealth).
  6582 | D:7      | 6582 ||| Stepping ~*~*~tactically~*~*~ (stealth).
  6595 | D:7      | Reached skill level 1 in Shields
  6598 | D:7      | Reached XP level 9. HP: 60/70 MP: 10/10
  6603 | D:7      | 6603 ||| Stepping ~*~*~tactically~*~*~ (stealth).
  6605 | D:7      | 6605 ||| Stepping ~*~*~tactically~*~*~ (stealth).
  6620 | D:7      | 6620 ||| FLEEEEING.
  6624 | D:7      | 6624 ||| FLEEEEING.
  6625 | D:7      | 6625 ||| FLEEEEING.
  6626 | D:7      | 6626 ||| FLEEEEING.
  6633 | D:7      | 6633 ||| STAIRDANCE
  6736 | D:6      | 6736 ||| DROPPING +0 flail.
  6737 | D:6      | 6737 ||| READING 2 scrolls of identify.
  6737 | D:6      | 6737 ||| IDENTIFYING murky yellow potion
  6778 | D:7      | 6778 ||| INVOKING Fiery Armour.
  6782 | D:7      | Reached skill level 3 in Shields
  6922 | D:7      | 6922 ||| Stepping ~*~*~tactically~*~*~ (stealth).
  6958 | D:7      | Found a basalt altar of Yredelemnul.
  6982 | D:7      | Reached skill level 6 in Fighting
  7017 | D:7      | 7017 ||| Stepping ~*~*~tactically~*~*~ (hiding).
  7763 | D:8      | 7763 ||| FLEEEEING.
  7764 | D:8      | 7764 ||| FLEEEEING.
  7765 | D:8      | 7765 ||| STAIRDANCE
  7773 | D:8      | 7773 ||| INVOKING Fiery Armour.
  7774 | D:8      | 7774 ||| STAIRDANCE
  7878 | D:8      | 7878 ||| STAIRDANCE
  7933 | D:8      | 7933 ||| INVOKING Fiery Armour.
  7936 | D:8      | 7936 ||| DRINKING potion of curing.
  7936 | D:8      | 7936 ||| (to cure confusion)
  7972 | D:8      | Found a large runed translucent door.
  7972 | D:8      | Found a large runed translucent door.
  7983 | D:8      | 7983 ||| Stepping ~*~*~tactically~*~*~ (stealth).
  7984 | D:8      | 7984 ||| Stepping ~*~*~tactically~*~*~ (stealth).
  7991 | D:8      | Reached skill level 10 in Axes
  8010 | D:8      | 8010 ||| Stepping ~*~*~tactically~*~*~ (stealth).
  8026 | D:8      | 8026 ||| Stepping ~*~*~tactically~*~*~ (stealth).
  8030 | D:8      | 8030 ||| Stepping ~*~*~tactically~*~*~ (stealth).
  8065 | D:8      | Noticed a komodo dragon
  8074 | D:8      | 8074 ||| INVOKING Fiery Armour.
  8075 | D:8      | HP: 15/71 [komodo dragon (13)]
  8076 | D:8      | 8076 ||| READING 5 scrolls of teleportation.
  8076 | D:8      | Killed a komodo dragon
  8470 | D:8      | 8470 ||| Stepping ~*~*~tactically~*~*~ (stealth).
  8473 | D:8      | 8473 ||| Stepping ~*~*~tactically~*~*~ (stealth).
  8492 | D:8      | 8492 ||| Stepping ~*~*~tactically~*~*~ (stealth).
  8504 | D:8      | Reached XP level 10. HP: 47/81 MP: 11/11
  8511 | D:8      | 8511 ||| INVOKING Fiery Armour.
  8726 | D:8      | Found a sacrificial altar of Ru.
  8846 | D:8      | 8846 ||| Stepping ~*~*~tactically~*~*~ (hiding).
  8932 | D:8      | Found Gilgamesh's Dragon-Slaying Spoils.
  8940 | D:8      | 8940 ||| SHOPLISTING +0 fire dragon scales (720 gold, have
                  | 494).
  8940 | D:8      | 8940 ||| SHOPLISTING +0 gold dragon scales (960 gold, have
                  | 494).
  8940 | D:8      | 8940 ||| SHOPLISTING +0 ice dragon scales (720 gold, have
                  | 494).
  8940 | D:8      | 8940 ||| SHOPLISTING +0 storm dragon scales (960 gold, have
                  | 494).
  8940 | D:8      | 8940 ||| SHOPLISTING +1 shadow dragon scales (1044 gold,
                  | have 494).
  8940 | D:8      | 8940 ||| SHOPLISTING +7 pearl dragon scales of Olophuwn
                  | {Drain rF+ rN+ rCorr Dex+3} (1622 gold, have 494).
  9044 | D:8      | 9044 ||| DROPPING +1 vorpal hand axe.
  9265 | D:8      | 9265 ||| UPGRADING to +0 pair of boots.
  9298 | D:9      | Found a staircase to the Lair.
  9521 | D:9      | Noticed a two-headed ogre
  9529 | D:9      | 9529 ||| INVOKING Fiery Armour.
  9531 | D:9      | HP: 20/81 [two-headed ogre/+0 giant spiked club (6)]
  9532 | D:9      | 9532 ||| READING 4 scrolls of teleportation.
  9533 | D:9      | Killed a two-headed ogre
  9849 | D:9      | Noticed Gastronok
  9850 | D:9      | 9850 ||| Stepping ~*~*~tactically~*~*~ (hiding).
  9871 | D:9      | 9871 ||| INVOKING Fiery Armour.
  9882 | D:9      | HP: 16/81 [Gastronok (8)]
  9883 | D:9      | 9883 ||| READING 3 scrolls of teleportation.
  9883 | D:9      | Killed Gastronok
  9884 | D:9      | Reached skill level 11 in Axes
 10174 | D:9      | 10174 ||| PLANNING TEMPLE
 10174 | D:9      | 10174 ||| UPGRADING to scarf of repulsion.
 10179 | D:9      | 10179 ||| UPGRADING to +0 hat of see invisible.
 10265 | Temple   | Entered the Ecumenical Temple
 10291 | Temple   | 10291 ||| PLANNING LAIR
 10392 | Lair:1   | Entered Level 1 of the Lair of Beasts
 10412 | Lair:1   | Noticed a cane toad
 10415 | Lair:1   | Noticed a cane toad
 10424 | Lair:1   | Killed a cane toad
 10433 | Lair:1   | HP: 18/81 [poisoned by a cane toad]
 10434 | Lair:1   | 10434 ||| READING 2 scrolls of teleportation.
 10437 | Lair:1   | HP: 7/81 [poisoned by a cane toad]
 10437 | Lair:1   | Killed a cane toad
 10439 | Lair:1   | HP: 3/81 [poisoned by a cane toad]
 10441 | Lair:1   | HP: 1/81 [poisoned by a cane toad]
 10442 | Lair:1   | Succumbed to a cane toad's poison

Levels and vault maps discovered:
D:1:      evilmike_arrival_rings, layout_basic, serial_park_tiny_1
D:2:      layout_basic, minmay_hexomino_c4
D:3:      layout_rooms, lemuel_tele_altar, serial_park_tiny_2
D:4:      layout_basic, mainiacjoe_overflow_alcove_4,
          grunt_temple_overflow_gold_and_silver
D:5:      kennysheep_steamy, layout_basic, uniq_ijyb, uniq_sigmund
D:6:      layout_cave_pools, minmay_temple_entry_butterflies
D:7:      layout_loops_cross, nicolae_yredelemnul_corpse_copse, hex_tiny,
          minmay_statues_item, minmay_holes
D:8:      layout_basic, kennysheep_mini_moat,
          mainiacjoe_overflow_surrounded_room, jmf_multi_god_temple2,
          serial_bayou, serial_bayou_pond_c, serial_bayou_lagoon_a,
          serial_bayou_pond_c, serial_bayou_shore_b, nicolae_shop_dragon_depot,
          nrook_campfire
D:9:      layout_roguey, dpeg_oklobed_lair, serial_rivers,
          chequers_serial_rivers_large_b, chequers_serial_rivers_large_a,
          chequers_serial_rivers_micro_e, chequers_serial_rivers_room_b,
          serial_shops, nicolae_shop_window_shopping, minivault_19,
          minivault_14, minmay_between, uniq_gastronok
Temple:   nicolae_temple_ecumenical_triangle
Lair:1:   layout_regular_city, grunt_megastairs_1

Skill      XL: |  1  2  3  4  5  6  7  8  9 10 |
---------------+-------------------------------+-----
Axes           | 3 4 5 6 7 9 10 11 | 11.8
Dodging        | 1 2 |  2.3
Armour         | 1 2 3 4 |  4.7
Fighting       | 4 5 7 |  7.0
Throwing       | 2 4 |  4.1
Shields        | 2 3 |  3.0
Spellcasting   | |  1.0
Fire Magic     | |  2.6

Action                   |  1- 3 |  4- 6 |  7- 9 | 10-12 || total
-------------------------+-------+-------+-------+-------++-------
Melee: Hand axe          |   193 |    85 |   316 |    75 ||   669
       Punch             |     2 |       |     2 |       ||     4
Throw: Javelin           |       |       |    26 |     3 ||    29
       Boomerang         |       |       |    16 |     2 ||    18
Invok: Fiery Armour      |       |     1 |     8 |     3 ||    12
  Use: Scroll            |     9 |     7 |     6 |     3 ||    25
       Potion            |     2 |     2 |     1 |       ||     5
Armor: Robe              |    41 |       |       |       ||    41
       Plate armour      |       |    42 |   159 |    10 ||   211
Dodge: Dodged            |   118 |    27 |   168 |    17 ||   330
Block: Other             |       |     6 |    17 |       ||    23
       Buckler           |       |       |    63 |    17 ||    80

Table legend:
 A = Non-vault XP
 B = Vault XP
 C = Vault XP percentage of total XP
 D = Non-vault monster count
 E = Vault monster count
 F = Vault count percentage of total count
                 A         B        C        D         E       F
            +---------+---------+-------+---------+---------+-------
      Total |    6946 |    2500 |  26.5 |     149 |      18 |  10.8
            +---------+---------+-------+---------+---------+-------
        D:1 |      20 |       0 |   0.0 |      10 |       0 |   0.0
        D:2 |      38 |      10 |  20.8 |      20 |       5 |  20.0
        D:3 |      38 |       0 |   0.0 |      14 |       0 |   0.0
        D:4 |     262 |       0 |   0.0 |      11 |       0 |   0.0
        D:5 |     884 |     644 |  42.1 |      29 |       4 |  12.1
        D:6 |     663 |       0 |   0.0 |      10 |       0 |   0.0
        D:7 |     964 |     365 |  27.5 |      28 |       8 |  22.2
        D:8 |    2361 |       0 |   0.0 |      22 |       0 |   0.0
        D:9 |     931 |    1481 |  61.4 |       3 |       1 |  25.0
     Lair:1 |     785 |       0 |   0.0 |       2 |       0 |   0.0
            +---------+---------+-------+---------+---------+-------
